Map: Dédale EC

Players

DucThanh - Winner!

  • Race: Protoss Protoss
  • League: Diamond
  • Spawn Location: 1:00

HoldTheDoor

  • Race: Protoss Protoss
  • League: Diamond
  • Spawn Location: 7:00

VOD

Have the link to the VOD?

Description

Time

  • Played on: July 14, 2018, 1:22 p.m.
  • Length: 7:10
Show
View Real Time Build Order
Export as new Build Order

DucThanh Protoss - Winner!

Build Orders:  

Get SALT Encoding   

  1  0:00  Probe  
  12  0:06  Probe  
  14  0:15  Probe  
  15  0:25  Pylon  
  15  0:41  Assimilator  
  15  0:43  Probe  
  15  0:48  Assimilator  
  16  1:05  Gateway  
  16  1:08  Forge  
  16  1:10  Probe  
  16  1:15  Assimilator  
  17  1:21  Probe  
  18  1:32  Probe  
  19  1:43  Photon Cannon  
  18  2:08  Probe  
  19  2:16  Probe  
  19  2:25  Probe  
  19  2:27  Photon Cannon  
  20  2:30  Cybernetics Core  
  20  2:32  Pylon  
  20  2:37  Probe  
  20  2:39  Pylon  
  21  2:46  Pylon  
  21  2:55  Warp Gate  
  21  2:59  Probe  
  22  3:06  Photon Cannon  
  22  3:07  Photon Cannon  
  22  3:16  Probe  
  23  3:22  Gateway  
  23  3:28  Probe  
  23  3:29  Stalker  
  26  3:56  Photon Cannon  
  26  4:00  Photon Cannon  
  26  4:13  Gateway  
  26  4:24  Stalker x2  
  30  5:06  Nexus  
  30  5:25  Stalker x2, Pylon  
  30  5:26  Stalker  
  36  5:33  Pylon  
  36  5:36  Assimilator  
  36  5:41  Assimilator  
  36  5:48  Photon Cannon  
  36  5:55  Photon Cannon  
  36  5:59  Stalker  
  36  6:03  Stalker  
  40  6:50  Stalker x3  
Show
View Real Time Build Order
Export as new Build Order

HoldTheDoor Protoss 

Build Orders:  

Get SALT Encoding   

  12  0:00  Probe  
  13  0:12  Probe  
  14  0:18  Pylon  
  14  0:24  Probe  
  15  0:35  Probe  
  15  0:39  Forge  
  16  0:43  Probe  
  17  0:51  Probe  
  18  0:59  Assimilator  
  18  1:06  Pylon  
  18  1:07  Probe  
  19  1:25  Photon Cannon  
  18  2:15  Pylon  
  18  2:17  Probe  
  18  2:28  Gateway  
  18  2:29  Probe  
  19  2:40  Nexus  
  19  2:41  Probe  
  20  2:53  Probe  
  21  2:59  Pylon  
  21  3:06  Probe  
  21  3:08  Gateway  
  22  3:13  Pylon  
  22  3:17  Cybernetics Core  
  22  3:18  Probe  
  23  3:23  Pylon  
  23  3:25  Photon Cannon  
  23  3:30  Probe  
  24  3:42  Probe  
  25  3:54  Probe  
  26  3:58  Stalker  
  26  3:59  Stalker  
  26  4:02  Probe  
  31  4:06  Probe  
  32  4:11  Nexus  
  32  4:29  Adept  
  34  4:32  Pylon  
  34  4:35  Pylon  
  34  4:39  Assimilator  
  34  4:41  Probe  
  34  4:44  Assimilator  
  34  4:45  Assimilator  
  35  4:50  Shield Battery  
  35  4:52  Adept  
  37  4:53  Probe  
  37  4:56  Adept  
  40  5:09  Warp Gate  
  40  5:13  Probe  
  41  5:23  Probe  
  41  5:25  Probe  
  43  5:30  Adept x2  
  47  5:35  Probe  
  47  5:38  Probe  
  49  5:47  Probe  
  50  5:52  Probe  
  51  6:00  Probe, Gateway  
  52  6:04  Probe  
  53  6:25  Stargate  
  51  6:27  Stargate  
  51  6:29  Probe x2  
  51  6:40  Shield Battery  
  51  6:41  Probe x2  
  51  6:43  Shield Battery  
Tags
 
Matchup
PvP
Spawn Locations
Cross Positions
Add a new tag
Caveats
  • Supply blocks, unpowered buildings, or Contaminate may cause inaccurate times.
  • Supply counts are checked every 10 seconds.